 Dungeon Crawl Stone Soup version 0.17.1-1-g73c8601 (webtiles) character file.

320 fredomojojo the Stinger (level 6, 0/43 HPs)
             Began as a Formicid Venom Mage on Dec 23, 2015.
             Was an Initiate of Sif Muna.
             Succumbed to their own toxic radiance
             ... on level 5 of the Dungeon.
             The game lasted 00:37:50 (2547 turns).

fredomojojo the Stinger (Formicid Venom Mage)       Turns: 2547, Time: 00:37:51

Health: 0/43       AC:  2    Str: 12    XL:     6   Next: 75%
Magic:  6/10       EV: 12    Int: 19    God:    Sif Muna [......]
Gold:   129        SH:  0    Dex: 11    Spells: 2 memorised, 6 levels left

rFire  . . .     SeeInvis +     e - +2 short sword (venom)
rCold  . . .     Clarity  .     G - +0 robe
rNeg   . . .     SustAt   .     (no shield)
rPois  .         Gourm    +     (helmet unavailable)
rElec  .         Spirit   .     (no cloak)
rCorr  .         Warding  .     (no gloves)
rMut   .         Stasis   +     (no boots)
MR     .....                    q - amulet of the gourmand
Stlth  ++........               n - ring of wizardry
                                k - +2 ring of intelligence

@: lethally poisoned (0 -> -3), not resistant to hostile enchantments,
unstealthy
A: permanent stasis, dig shafts and tunnels, four strong arms, antennae 3
a: Dig, Shaft Self, Renounce Religion


You were on level 5 of the Dungeon.
You worshipped Sif Muna.
Sif Muna was noncommittal.
You were not hungry.

You visited 2 branches of the dungeon, and saw 6 of its levels.

You collected 129 gold pieces.

Inventory:

Hand Weapons
 e - a +2 short sword of venom (weapon)
Missiles
 g - 93 stones (quivered)
Armour
 G - a +0 robe (worn)
Jewellery
 h - an uncursed ring of invisibility
 k - a +2 ring of intelligence (left hand)
 n - a ring of wizardry (right hand)
 o - an uncursed ring of ice
 q - an amulet of the gourmand (around neck)
Wands
 s - a wand of confusion (31)
Scrolls
 a - a scroll of noise {unknown}
 d - a scroll of recharging {unknown}
 f - a scroll of random uselessness {unknown}
 i - 3 scrolls of remove curse
 l - a scroll of teleportation {unknown}
 m - 2 scrolls of amnesia
 w - a scroll of magic mapping {unknown}
 y - a scroll of fear {unknown}
 B - a scroll of fog {unknown}
Potions
 p - a potion of lignification
 r - 2 potions of magic
 t - a potion of brilliance {unknown}
 v - a potion of mutation {unknown}
 x - 2 potions of curing {unknown}
 C - a potion of degeneration {unknown}
 D - a potion of invisibility {unknown}
 E - 2 potions of haste
Books
 b - a Young Poisoner's Handbook

   Spells                             Type                      Level
   a - Sting                          Conjuration/Poison           1
   b - Cure Poison                    Poison                       2
   c - Mephitic Cloud                 Conjuration/Poison/Air       3
   d - Olgreb's Toxic Radiance        Poison                       4
   e - Venom Bolt                     Conjuration/Poison           5
Comestibles
 c - 2 bread rations
 j - 2 meat rations
 z - a slice of pizza


   Skills:
 + Level 1.3 Fighting
 * Level 2.0 Short Blades
 + Level 1.0 Throwing
 + Level 2.8 Dodging
 + Level 3.2 Stealth
 + Level 3.1 Spellcasting
 + Level 1.5 Conjurations
 + Level 6.8 Poison Magic


You had 6 spell levels left.
You knew the following spells:

 Your Spells              Type           Power        Failure   Level  Hunger
a - Sting                 Conj/Pois      ###.         1%          1    None
b - Olgreb's Toxic Radia  Pois           ####....     4%          4    ####...


Dungeon Overview and Level Annotations

Branches:
Dungeon (5/15)             Temple (1/1) D:4

Altars:
Ashenzari
Dithmenos
Elyvilon
Gozag
Kikubaaqudgha
Makhleb
Nemelex Xobeh
Qazlal
Sif Muna
Trog
Vehumet
Xom
Zin
The Shining One

Annotations:
D:5 Pikel


Innate Abilities, Weirdness & Mutations

You are under a permanent stasis effect.
You can dig through walls and to a lower floor.
Your four strong arms can wield two-handed weapons with a shield.
You have a pair of large antennae on your head (SInv).


Message History

That felt strangely unrewarding.
The slave misses you.
You dig through the rock wall.
You are lethally poisoned!
The slave looks even sicker.
Your toxic aura wanes.
* * * LOW HITPOINT WARNING * * *
You feel sick.
You dig through the rock wall.
* * * LOW HITPOINT WARNING * * *
You feel sick.
You retract your mandibles.
* * * LOW HITPOINT WARNING * * *
You feel sick.
* * * LOW HITPOINT WARNING * * *
You feel sick.
* * * LOW HITPOINT WARNING * * *
You feel sick.
* * * LOW HITPOINT WARNING * * *
You feel sick.
You die...

####### #...).#
#.###.# #.# #.#
#.###.### {
#.#.....# #.#.....#
##########@#.....#
#.....<.p..#####.#
#.....Z.###......#
#.......#....##..# {
#.......#........# {
#.......#....^...#{{
#.....[.#..._....#
#.......#........#..
##.................#


You could see a slave and an adder zombie.

Vanquished Creatures
  2 slaves (D:5)
  An ogre (D:5)
  A hound (D:4)
  An orc wizard (D:4)
  An orc priest (D:4)
  A giant frog skeleton (D:4)
  2 worker ants (D:4)
  A gnoll (D:1)
  2 adders (D:3)
  3 giant geckos
  3 orcs (D:4)
  A ball python (D:3)
  7 bats
  3 giant cockroaches
  10 hobgoblins
  A quokka (D:2)
  A giant cockroach zombie (D:5)
  4 giant newts
  5 goblins
  4 kobolds
  A quokka skeleton (D:3)
  3 rats
58 creatures vanquished.

Notes
Turn   | Place    | Note
--------------------------------------------------------------
     0 | D:1      | fredomojojo the Formicid Venom Mage began the quest for the Orb.
     0 | D:1      | Reached XP level 1. HP: 13/13 MP: 3/3
   273 | D:1      | Reached XP level 2. HP: 19/19 MP: 1/5
   427 | D:1      | Reached skill level 6 in Poison Magic
   427 | D:1      | Reached XP level 3. HP: 11/24 MP: 2/6
  1260 | D:3      | Reached XP level 4. HP: 7/30 MP: 5/7
  1478 | D:3      | Learned a level 4 spell: Olgreb's Toxic Radiance
  1642 | D:3      | Found a bloodstained altar of Trog.
  1779 | D:3      | Reached skill level 1 in Conjurations
  1910 | D:4      | Found a staircase to the Ecumenical Temple.
  1928 | Temple   | Entered the Ecumenical Temple
  1982 | Temple   | Became a worshipper of Sif Muna the Loreminder
  2011 | D:4      | Reached skill level 1 in Short Blades
  2058 | D:4      | Found a white marble altar of Elyvilon.
  2105 | D:4      | Reached XP level 5. HP: 27/36 MP: 8/8
  2245 | D:4      | Reached skill level 1 in Fighting
  2245 | D:4      | Reached XP level 6. HP: 34/43 MP: 10/10
  2357 | D:5      | Entered Level 5 of the Dungeon
  2400 | D:5      | Noticed a slave
  2401 | D:5      | Noticed a slave
  2401 | D:5      | Found a shimmering altar of Xom.
  2401 | D:5      | Noticed a slave
  2402 | D:5      | Noticed Pikel
  2473 | D:5      | Reached skill level 1 in Throwing
  2495 | D:5      | Noticed a sky beast
  2525 | D:5      | Noticed a slave
  2535 | D:5      | Killed a slave
  2535 | D:5      | Killed a slave
  2540 | D:5      | HP: 2/43 [poisoned by you (toxic radiance)]
  2547 | D:5      | Succumbed to their own toxic radiance

Action                   |  1- 3 |  4- 6 || total
-------------------------+-------+-------++-------
Melee: Short sword       |    47 |    48 ||    95
       Unarmed           |     7 |       ||     7
Throw: Stone             |       |    20 ||    20
 Cast: Sting             |    38 |    33 ||    71
       Olgreb's Toxic Ra |       |     1 ||     1
 Abil: Dig               |     7 |     2 ||     9
       Evoke Invisibilit |     1 |       ||     1
  Use: Scroll            |     4 |     3 ||     7
 Stab: Sleeping          |     1 |       ||     1
  Eat: Chunk             |     3 |     2 ||     5
       Bread ration      |       |     1 ||     1
